 Dungeon Crawl Stone Soup version 0.31.0-32-g396128a36d (webtiles) character file.

Game seed: 606259512190874131

48 spaghetti the Caller (level 3, -3/31 HPs)
             Began as an Oni Summoner on Mar 8, 2024.
             Slain by a gnoll
             ... wielding a +0 spear
              (5 damage)
             ... on level 2 of the Dungeon.
             The game lasted 00:02:56 (1848 turns).

spaghetti the Caller (Oni Summoner)                 Turns: 1848, Time: 00:02:57

Health: -3/31      AC:  3    Str: 12    XL:     3   Next: 72%
Magic:  2/8        EV:  9    Int: 18    God:
Gold:   54         SH:  0    Dex:  9    Spells: 3/9 levels left

rFire   . . .        (no weapon)
rCold   . . .        (no shield)
rNeg    . . .        a - +0 robe
rPois   .            (helmet restricted)
rElec   .            (no cloak)
rCorr   .            (gloves unavailable)
SInv    .            (boots unavailable)
Will    .....        (no amulet)
Stlth   +            (no ring)
HPRegen 0.25/turn    (no ring)
MPRegen 0.11/turn

%: no passive effects
@: inugami summoned
A: large, unfitting armour, horns 1, tough skin 1, double potion healing,
drunken brawling
a: no special abilities


You were on level 2 of the Dungeon.
You visited 1 branch of the dungeon, and saw 2 of its levels.

You collected 54 gold pieces.

Inventory:

Armour
 a - a +0 robe (worn)
Scrolls
 d - a scroll of teleportation {unknown}
 f - a scroll of revelation {unknown}
 g - a scroll of vulnerability {unknown}
Potions
 b - a potion of magic
 c - 2 potions of curing {unknown}
 e - 2 potions of degeneration {unknown}
 h - a potion of enlightenment {unknown}


   Skills:
 - Level 1.7 Dodging
 - Level 1.4 Stealth
 + Level 3.6 Spellcasting
 + Level 4.2 Summonings


You had 3 spell levels left.
You knew the following spells:

 Your Spells              Type           Power      Damage    Failure   Level
a - Summon Small Mammal   Summ           72%        N/A       2%          1
b - Call Imp              Summ           36%        N/A       4%          2
c - Call Canine Familiar  Summ           18%        N/A       8%          3

Your spell library contained the following spells:

 Spells                   Type           Power      Damage    Failure   Level
 Summon Blazeheart Golem  Fire/Summ      10%        N/A       54%         4
 Summon Lightning Spire   Summ/Air       10%        N/A       54%         4
 Cause Fear               Hex            1%         N/A       83%         4
 Fireball                 Conj/Fire      1%         3d3       99%         5
 Dragon's Call            Summ           9%         N/A       100%        9


Dungeon Overview and Level Annotations

Branches:
Dungeon (2/15)

Altars:

Shops:
D:1 :


Innate Abilities, Weirdness & Mutations

You are too large for most types of armour.
You have a pair of small horns on your head.
You have tough skin. (AC +1)
You gain doubled healing and magic from potions.
Whenever you drink a healing potion, you attack all around you.


Message History

You are too injured to fight recklessly!
You are too injured to fight recklessly!
You are too injured to fight recklessly!
You are too injured to fight recklessly!
You are too injured to fight recklessly!
You are too injured to fight recklessly!
You are too injured to fight recklessly!
You are too injured to fight recklessly!
Casting: Call Canine Familiar (quite dangerous; 8% risk of failure)
Confirm with . or Enter, or press ? or * to list all spells.
You call for your canine familiar and it appears with a howl!
The gnoll hits you but does no damage.
Casting: Call Canine Familiar (quite dangerous; 8% risk of failure)
Confirm with . or Enter, or press ? or * to list all spells.
A tiny devil pulls itself out of the air.
The gnoll hits you with a +0 whip.
You hit the gnoll.
The gnoll is lightly wounded.
Your inugami barely misses the gnoll.
Your cerulean imp hits the gnoll from afar with a -3 spear.
The gnoll hits you with a +0 whip.
You barely miss the gnoll.
The gnoll is moderately wounded.
Your inugami hits the gnoll.
Your cerulean imp hits the gnoll but does no damage.
The gnoll misses you.
You closely miss the gnoll. You headbutt the gnoll.
The gnoll is severely wounded.
Your inugami hits the gnoll but does no damage.
The gnoll hits you from afar with a +0 spear.
* * * LOW HITPOINT WARNING * * *
Your cerulean imp hits the gnoll from afar with a -3 spear.
The gnoll hits you with a +0 whip!
* * * LOW HITPOINT WARNING * * *
Unknown command.
Casting: Call Imp (safe; 4% risk of failure)
Confirm with . or Enter, or press ? or * to list all spells.
Your inugami barely misses the gnoll.
The gnoll hits you from afar with a +0 spear.
You die...

..# ####..#... ..#
##...#..#. . ..#
#..#.#..#.##.
..####.##.#..# #..
..##...##.#... ..#
..#..####.#.##.#g#
##..## #.#.##5#g#
#..######.#.##rhg#
..........#.# #@#
########..#.####.#
............#....#
########..###.##.#
..............##.#
######..#####.......
#..###.#.####..
#......#.# #.
#.####.#.# ##


You could see 3 gnolls, a friendly cerulean imp (summoned), a friendly quokka
(summoned) and a friendly inugami (summoned).

Vanquished Creatures
  An adder (D:2)
  A dart slug (D:1)
  4 bats
  3 endoplasms
  2 goblins (D:1)
  2 hobgoblins (D:1)
  2 jackals
  A kobold (D:1)
  2 quokkas (D:2)
  A ball python (D:1)
  A frilled lizard (D:2)
20 creatures vanquished.

Vanquished Creatures (collateral kills)
  2 ball pythons (D:1)
  2 bats
  A hobgoblin (D:1)
  2 jackals
  2 kobolds
  A frilled lizard (D:1)
  3 rats
13 creatures vanquished.

Grand Total: 33 creatures vanquished

Notes
Turn   | Place    | Note
-------+----------+-------------------------------------------
     0 | D:1      | spaghetti the Oni Summoner began the quest for the Orb.
     0 | D:1      | Reached XP level 1. HP: 16/16 MP: 3/3
   139 | D:1      | Reached XP level 2. HP: 20/24 MP: 3/5
   222 | D:1      | Found Busoin's Book Shoppe.
   257 | D:1      | Learned a level 2 spell: Call Imp
   469 | D:1      | Reached skill level 4 in Summonings
   748 | D:1      | Reached XP level 3. HP: 31/31 MP: 4/7
   752 | D:1      | Learned a level 3 spell: Call Canine Familiar
  1848 | D:2      | Slain by a gnoll

Illustrated notes

Levels and vault maps discovered:
D:1:      tarquinn_simple_flora_water_e, layout_loops_cross, serial_shops,
          nicolae_book_shop_shelving, chequers_serial_rivers_small_b,
          glass_columns_a, hex_medium
D:2:      layout_basic, hellmonk_ecumenical_altar_inner_sanctum, st_stairs_14,
          minmay_misc_feat_room

Skill      XL: |  1  2 |
---------------+-------+-----
Spellcasting   | 3 |  3.6
Summonings     | 4 |  4.2
Dodging        | |  1.7
Stealth        | |  1.4

Action                     || total
---------------------------++-------
  Melee: Unarmed           ||    99
         Headbutt          ||    20
   Cast: Summon Small Mamm ||    34
         Call Imp          ||    13
         Call Canine Famil ||     6
   Stab: Distracted        ||     1
 Armour: Robe              ||    95
  Dodge: Dodged            ||    56
